 Dungeon Crawl Stone Soup version 0.32-a0-42-ga30500b4d3 (webtiles) character file.

Game seed: 12203439802213455641

88 CougarLife the Ruffian (level 4, -1/42 HPs)
             Began as a Troll Gladiator on Jan 26, 2024.
             Slain by a river rat (6 damage)
             ... in a sewer.
             The game lasted 00:02:15 (1214 turns).

CougarLife the Ruffian (Troll Gladiator)            Turns: 1214, Time: 00:02:16

Health: -1/42      AC:  4    Str: 22    XL:     4   Next: 29%
Magic:  3/3        EV: 10    Int:  6    God:
Gold:   60         SH:  0    Dex: 11    Spells: 3/3 levels left

rFire   . .          .
                       - Unarmed
rCold   . . .        (no shield)
rNeg    . . .        a - +0 robe
rPois   .            b - +0 hat
rElec   .            (no cloak)
rCorr   .            (gloves unavailable)
SInv    .            (boots unavailable)
Will    .....        (no amulet)
Stlth   +            (no ring)
HPRegen 1.07/turn    (no ring)
MPRegen 0.08/turn

%: no passive effects
@: no status effects
A: large, unfitting armour, claws 3, regeneration 1, shaggy fur 1, tough skin 1
a: no special abilities


You were in a sewer.
You visited 1 branch of the dungeon, and saw 3 of its levels.
You also visited: Sewer.

You collected 60 gold pieces.

Inventory:

Missiles
 c - 3 throwing nets (quivered)
 d - a large rock
 i - 4 boomerangs
Armour
 a - a +0 robe (worn)
 b - a +0 hat (worn)
Scrolls
 h - 3 scrolls of immolation {unknown}
 j - a scroll of noise {unknown}
 l - 2 scrolls of identify {unknown}
Potions
 e - 3 potions of degeneration {unknown}
 f - 2 potions of curing {unknown}
 g - a potion of haste {unknown}
 k - a potion of attraction {unknown}
 m - 2 potions of invisibility {unknown}


   Skills:
 + Level 2.3 Fighting
 - Level 1.7 Throwing
 - Level 3.0 Dodging
 * Level 4.2 Unarmed Combat


You had 3 spell levels left.
You didn't know any spells.
Your spell library contained the following spells:

 Spells                   Type           Power      Damage    Failure   Level
 Sublimation of Blood     Necr           0%         N/A       58%         2
 Petrify                  Alch/Erth      0%         N/A       99%         4
 Irradiate                Conj/Alch      0%         3d11      100%        5


Dungeon Overview and Level Annotations

Branches:
Dungeon (3/15)              Sewer (1/1)

Altars:


Innate Abilities, Weirdness & Mutations

You are too large for most types of armour.
You have claws for hands.
Your natural rate of healing is unusually fast.
You are covered in fur. (AC +1)
You have tough skin. (AC +1)


Message History

The ball python bites you but does no damage.
The rat barely misses you. The river rat bites you. The river rat bites you!
You barely miss the river rat. The ball python bites you.
The rat splashes around in the water.
The river rat bites you. The river rat barely misses you.
The ball python bites you but does no damage.
You are too injured to fight recklessly!
You are too injured to fight recklessly!
You are too injured to fight recklessly!
You scratch the ball python.
You kill the ball python!
The rat bites you but does no damage. The river rat barely misses you.
The river rat bites you!
* * * LOW HITPOINT WARNING * * *
Why would you want to do that?
You scratch the river rat.
The river rat is moderately wounded.
You scratch the river rat but do no damage.
The river rat is moderately wounded.
The river rat closely misses you. x2
You scratch the river rat.
The river rat is almost dead.
The river rat bites you!
* * * LOW HITPOINT WARNING * * *
The river rat closely misses you. The rat bites you.
* * * LOW HITPOINT WARNING * * *
You claw the river rat!
You kill the river rat!
The river rat closely misses you.
The rat splashes around in the water.
Why would you want to do that?
You closely miss the river rat. The rat bites you.
* * * LOW HITPOINT WARNING * * *
The river rat bites you but does no damage.
The rat bites you.
* * * LOW HITPOINT WARNING * * *
You closely miss the river rat. The rat closely misses you.
The river rat barely misses you. The rat barely misses you.
You closely miss the river rat. The rat bites you but does no damage.
The river rat bites you.
You die...

######################
##....~≈≈≈≈≈≈≈≈≈≈≈≈≈~.r
#....~~≈~≈≈~≈@r~≈≈≈≈≈..
#..∩..~~≈~≈≈~rr#≈~~~≈~.
#..∩..~~~~~~≈≈≈r~~~~~~.
#....~~~~~≈≈≈≈~.≈~~≈~..
##....~≈≈≈≈≈≈≈≈≈≈≈≈≈~#.
#####################


You could see a river rat and 3 rats.

Vanquished Creatures
  3 adders
  2 river rats
  2 dart slugs
  8 ball pythons
  3 bats (D:1)
  4 endoplasms
  A giant cockroach (D:1)
  3 goblins
  3 quokkas
  4 frilled lizards
  5 kobolds
  3 rats
41 creatures vanquished.

Notes
Turn   | Place    | Note
-------+----------+-------------------------------------------
     0 | D:1      | CougarLife the Troll Gladiator began the quest for the Orb.
     0 | D:1      | Reached XP level 1. HP: 19/19 MP: 0/0
    27 | D:1      | Found a faded altar of an unknown god.
   115 | D:1      | Reached XP level 2. HP: 27/27 MP: 1/1
   553 | D:2      | Reached XP level 3. HP: 33/35 MP: 2/2
  1146 | D:3      | Found a glowing drain.
  1162 | D:3      | Reached skill level 4 in Unarmed Combat
  1168 | D:3      | Reached XP level 4. HP: 39/42 MP: 3/3
  1173 | Sewer    | Entered a sewer
  1214 | Sewer    | Slain by a river rat

Illustrated notes

Levels and vault maps discovered:
D:1:      wander_arrival_chamber, layout_rooms,
          hellmonk_ecumenical_altar_run_dry
D:2:      layout_loops_ring
D:3:      layout_basic, slow_altar_2, portal_sewer_entry_a,
          kennysheep_generic_room_13, uniq_natasha, uniq_robin, uniq_ijyb
Sewer:    sewer_minmay_w

Skill      XL: |  1  2  3 |
---------------+----------+-----
Dodging        | 3 |  3.0
Fighting       | 2 |  2.3
Unarmed Combat | 4 |  4.2
Throwing       | |  1.7

Action                     |  1- 3 |  4- 6 || total
---------------------------+-------+-------++-------
  Melee: Unarmed           |    82 |    17 ||    99
         Punch             |     2 |       ||     2
 Armour: Robe              |    59 |    21 ||    80
  Dodge: Dodged            |    36 |    19 ||    55

Table legend: (Time is in decaauts)
 A = Elapsed time spent in this place.
 B = Non-inter-level travel time spent in this place.
 C = Inter-level travel time spent in this place.
 D = Time resting spent in this place.
 E = Time spent auto-exploring this place.
 F = Levels seen in this place.
 G = Mean time per level.
                   A        B        C        D        E       F      G
               +--------+--------+--------+--------+--------+-----+--------+
         Total |   1206 |   1153 |     53 |      0 |    895 |   4 |  301.5 |
       Dungeon |   1167 |   1114 |     53 |      0 |    884 |   3 |  389.0 |
         Sewer |     39 |     39 |      0 |      0 |     11 |   1 |   39.0 |
               +--------+--------+--------+--------+--------+-----+--------+

Top non-repeatable levels by time:
     D:2: 693 daAuts
     D:1: 446 daAuts
   Sewer: 39 daAuts
     D:3: 27 daAuts
